Comets vs Little Stars
(R1)
Created - October 15, 2023 at 19:35
Goals
|
| Comets |
3 |
2 |
0 |
0 |
1 |
6 |
| Little Stars |
0 |
2 |
3 |
0 |
0 |
5 |
|
Shots
|
| Comets |
14 |
10 |
13 |
0 |
3 |
37 |
| Little Stars |
5 |
18 |
16 |
4 |
3 |
43 |
|
1st period
1. Comets , Mackenzie MacEachern 1 (Juuso Riikola 1, William Lockwood 1) at 8:02
2. Comets , Juho Lammikko 1 (Jean-Sebastien Dea 1, Vladislav Gavrikov 2) at 9:50 (PP)
3. Comets , Nicolas Petan 2 (Vladislav Gavrikov 3, Curtis Lazar 4) at 13:42
Penalties :
Tucker Poolman (Tex) for High sticking (Minor) at 9:09, Matt Luff (Tex) for Hooking (Minor) at 14:16
2nd period
4. Little Stars , Daniel O'regan 2 (Ville Pokka 1, Evan Bouchard 2) at 4:42
5. Little Stars , Daniel O'regan 3 (Ilya Mikheyev 5, Tucker Poolman 2) at 5:35 (PP)
6. Comets , Nicolas Petan 3 (Juuso Riikola 2, Curtis Lazar 5) at 6:29
7. Comets , Curtis Lazar 1 (Scott Harrington 1, Nicolas Petan 2) at 12:57
Penalties :
Adam Tambellini (Tex) for Roughing (Minor) at 0:58, Phil Di Giuseppe (Uti) for Hooking (Minor) at 5:22, Ryan Lomberg (Uti) for Slashing (Minor) at 15:07
3rd period
8. Little Stars , Daniel O'regan 4 (Adam Tambellini 1, Ilya Mikheyev 6) at 6:35 (PP)
9. Little Stars , Ilya Mikheyev 2 (Daniel O'regan 2, Adam Tambellini 2) at 12:30
10. Little Stars , Daniel O'regan 5 (Reece Willcox 4, Ilya Mikheyev 7) at 19:10
Penalties :
Juho Lammikko (Uti) for Hooking (Minor) at 6:17, Juho Lammikko (Uti) for High sticking (Minor) at 15:10
Overtime #1
No Goal
Penalties :
No Penalty
Shootout
Comets, Curtis Lazar - Goal!
Little Stars, Ilya Mikheyev - Stopped by Thatcher Demko
Comets, Ryan Lomberg - Shot Misses the Net
Little Stars, Adam Tambellini - Shot Misses the Net
Comets, Nicolas Petan - Stopped by Danil Tarasov
Little Stars, Daniel O'regan - Stopped by Thatcher Demko
Penalties :
No Penalty
Goalie Stats
Thatcher Demko (Uti), 38 saves from 43 shots - (0.884), W, 1-0-0, 65:00 minutes
Danil Tarasov (Tex), 17 saves from 18 shots - (0.944), OTL, 1-0-1, 38:19 minutes
Michael Houser (Tex), 15 saves from 19 shots - (0.789), 26:29 minutes
Players Stats for Comets
Player Name G A P +/- PIM S H SB GA TA FO MP PP MP PK MP
------------------------------------------------------------------------------------
Adam Ollas-Mattsson 0 0 0 0 0 0 1 1 0 0 0/0 9:56 0:00 0:00
Curtis Lazar 1 2 3 0 0 3 2 0 1 0 0/4 25:10 2:29 0:00
Dan Renouf 0 0 0 0 0 0 0 2 0 0 0/0 19:34 2:16 1:37
Daniil Miromanov 0 0 0 0 0 0 0 0 0 0 0/0 1:24 0:00 0:00
Jean-Sebastien Dea 0 1 1 0 0 0 0 0 1 0 11/15 18:19 2:10 0:32
Juho Lammikko 1 0 1 0 4 2 1 2 2 1 0/1 18:50 2:10 1:05
Juuso Riikola 0 2 2 0 0 1 2 2 0 0 0/0 20:59 2:16 1:37
Lane Pederson 0 0 0 1 0 0 0 0 0 0 0/2 6:49 0:00 0:57
Mackenzie MacEachern 1 0 1 1 0 2 0 1 0 0 0/0 7:15 0:00 1:29
Michael Joly 0 0 0 0 0 4 1 1 0 0 0/0 10:00 0:00 0:00
Nicolas Petan 2 1 3 0 0 8 1 0 1 0 24/38 27:21 2:29 2:26
Phil Di Giuseppe 0 0 0 0 2 5 1 0 1 1 2/3 18:21 2:10 0:53
Ryan Lomberg 0 0 0 0 2 3 1 0 1 1 1/5 26:59 2:29 1:36
Scott Harrington 0 1 1 1 0 2 7 1 0 0 0/0 32:28 2:23 2:52
Trevor Moore 0 0 0 0 0 2 3 0 0 0 0/1 10:44 0:00 0:00
Tyler Graovac 0 0 0 0 0 0 2 1 0 0 1/4 10:00 0:00 0:00
Vladislav Gavrikov 0 2 2 1 0 3 2 7 0 2 0/0 31:22 2:23 2:52
William Lagesson 0 0 0 0 0 2 0 2 0 2 0/0 9:17 0:00 0:00
William Lockwood 0 1 1 1 0 0 1 0 0 0 0/0 5:39 0:00 0:00
Players Stats for Little Stars
Player Name G A P +/- PIM S H SB GA TA FO MP PP MP PK MP
------------------------------------------------------------------------------------
Adam Tambellini 0 2 2 1 2 7 1 1 2 1 0/3 25:36 2:43 2:03
Cal Burke 0 0 0 -1 0 1 0 0 0 0 1/1 6:18 0:00 0:00
Connor Mackey 0 0 0 1 0 0 0 0 0 1 0/0 10:30 0:00 0:00
Daniel O'regan 4 1 5 1 0 10 2 0 1 0 14/36 26:04 2:43 3:02
Emile Poirier 0 0 0 -1 0 1 0 1 0 0 0/0 8:40 0:08 0:50
Evan Bouchard 0 1 1 0 0 2 0 1 0 0 0/0 20:05 1:53 2:03
Filip Chytil 0 0 0 -1 0 2 0 0 0 0 0/1 8:15 0:00 0:47
Ilya Mikheyev 1 3 4 1 0 3 4 2 0 0 3/3 23:21 2:43 0:00
Jason Dickinson 0 0 0 0 0 1 3 1 1 0 11/19 18:10 1:38 1:29
Joakim Nygard 0 0 0 0 0 1 1 0 2 2 0/0 17:53 1:38 1:07
Justin Auger 0 0 0 -1 0 1 1 0 0 0 2/2 11:57 0:08 0:00
Lawrence Pilut 0 0 0 1 0 0 0 0 0 0 0/0 10:30 0:00 0:00
Matt Luff 0 0 0 0 2 2 3 0 0 0 1/2 16:18 1:38 0:00
Radel Fazleev 0 0 0 -1 0 2 0 0 0 0 2/6 10:30 0:00 0:00
Reece Willcox 0 1 1 -2 0 2 1 4 1 2 0/0 32:36 2:36 3:17
Shane Gersich 0 0 0 -1 0 5 1 0 0 0 0/0 12:17 0:08 0:00
Tucker Poolman 0 1 1 -2 2 3 1 5 0 0 0/0 31:37 2:36 2:36
Ville Pokka 0 1 1 0 0 0 0 0 0 1 0/0 19:41 1:53 1:22
3 Stars
1 - Daniel O'regan (Tex)
2 - Ilya Mikheyev (Tex)
3 - Nicolas Petan (Uti)
Power Play
Comets - 1 on 3 Attempt(s) - 33.33%
Little Stars - 2 on 4 Attempt(s) - 50.00%
Penalty Kill
Comets - 2 on 4 Attempt(s) - 50.00%
- Score 0 goal in Penalty Kill
Little Stars - 2 on 3 Attempt(s) - 66.67%
- Score 0 goal in Penalty Kill
Team Stat
Comets - Hits : 25 - Faceoff Wins : 39 - Blocked Shots : 20 - Penalty Minutes : 8
Little Stars - Hits : 18 - Faceoff Wins : 34 - Blocked Shots : 15 - Penalty Minutes : 6
Official
Referees : Beaudry Halkidis and Corey Syvret
Linesman : David Brisebois and Travis Gawryletz
Game Notes
4:42 of 2nd period - Little Stars goal is going for a video replay. After video review, Goal.
Danil Tarasov enters game at 6:29 of 2nd period
Daniel O'regan has scored a Hat Trick!
Finance
Level 1 -- Attendance: 1717 (85.85%) -- Ticket Income $120,190
Level 2 -- Attendance: 873 (87.30%) -- Ticket Income $34,920
Total Attendance: 2590 (86.33%)
Total Ticket Income: $155,110
Other Income: $7,756
Total Income: $162,866
Comets
5 vs 5 Forward
Center Left Wing Right Wing Time % Phy DF OF
1 Nicolas Petan Ryan Lomberg Curtis Lazar 56 1 2 2
2 Jean-Sebastien Dea Phil Di Giuseppe Juho Lammikko 30 1 2 2
3 Tyler Graovac Trevor Moore Michael Joly 10 1 2 2
4 Lane Pederson Mackenzie MacEachern William Lockwood 4 1 2 2
5 vs 5 Defense
Defense Defense Time % Phy DF OF
1 Scott Harrington Vladislav Gavrikov 56 1 2 2
2 Juuso Riikola Dan Renouf 30 1 2 2
3 Adam Ollas-Mattsson William Lagesson 10 1 2 2
4 Daniil Miromanov Scott Harrington 4 1 2 2
PowerPlay Forward
Center Left Wing Right Wing Time % Phy DF OF
1 Nicolas Petan Ryan Lomberg Curtis Lazar 60 1 2 2
2 Jean-Sebastien Dea Phil Di Giuseppe Juho Lammikko 40 1 2 2
PowerPlay Defense
Defense Defense Time % Phy DF OF
1 Scott Harrington Vladislav Gavrikov 60 1 2 2
2 Juuso Riikola Dan Renouf 40 1 2 2
Penalty Kill 4 Players Forward
Center Wing Time % Phy DF OF
1 Nicolas Petan Ryan Lomberg 60 1 2 2
2 Jean-Sebastien Dea Phil Di Giuseppe 40 1 2 2
Penalty Kill 4 Players Defense
Defense Defense Time % Phy DF OF
1 Scott Harrington Vladislav Gavrikov 60 1 2 2
2 Juuso Riikola Dan Renouf 40 1 2 2
Penalty Kill - 3 Players Forward
Forward Time % Phy DF OF
1 Nicolas Petan 60 1 2 2
2 Jean-Sebastien Dea 40 1 2 2
Penalty Kill - 3 Players Defense
Defense Defense Time % Phy DF OF
1 Scott Harrington Vladislav Gavrikov 60 1 2 2
2 Juuso Riikola Dan Renouf 40 1 2 2
4 vs 4 Forward
Center Wing Time % Phy DF OF
1 Nicolas Petan Ryan Lomberg 60 1 2 2
2 Jean-Sebastien Dea Phil Di Giuseppe 40 1 2 2
4 vs 4 Defense
Defense Defense Time % Phy DF OF
1 Scott Harrington Vladislav Gavrikov 60 1 2 2
2 Juuso Riikola Dan Renouf 40 1 2 2
Last Minutes Offensive
Center Left Wing Right Wing Defense Defense
Nicolas Petan Ryan Lomberg Curtis Lazar Scott Harrington Vladislav Gavrikov
Last Minutes Defensive
Center Left Wing Right Wing Defense Defense
Nicolas Petan Ryan Lomberg Curtis Lazar Scott Harrington Vladislav Gavrikov
Goaltenders
Starting : Thatcher Demko
Backup : Casey DeSmith
Extra Forwards
Normal : Juho Lammikko, Phil Di Giuseppe, Trevor Moore - PP : Juho Lammikko, Phil Di Giuseppe - PK : Juho Lammikko
Extra Defensemen
Normal : Adam Ollas-Mattsson, William Lagesson, Daniil Miromanov - PP : Adam Ollas-Mattsson - PK : Adam Ollas-Mattsson, William Lagesson
Penalty Shots
Curtis Lazar, Ryan Lomberg, Nicolas Petan, Jean-Sebastien Dea, Juho Lammikko
Custom OT Lines Forwards
Curtis Lazar, Ryan Lomberg, Nicolas Petan, Jean-Sebastien Dea, Juho Lammikko, Phil Di Giuseppe, Trevor Moore, Mackenzie MacEachern, Michael Joly, Tyler Graovac
Custom OT Lines Defensemen
Scott Harrington, Vladislav Gavrikov, Juuso Riikola, Dan Renouf, Adam Ollas-Mattsson
Scratches
Anton Zlobin (Healthy), Charles Hudon (Healthy), Jaret Anderson-Dolan (Healthy), Guillaume Brisebois (Healthy), Brandon Saigeon (Healthy)
Jay O'Brien (Healthy), Jack Rathbone (Healthy), Michael Kesselring (Healthy), Rasmus Asplund (Healthy), Marek Langhamer (Healthy)
Michael Dipietro (Healthy)
Little Stars
5 vs 5 Forward
Center Left Wing Right Wing Time % Phy DF OF
1 Daniel O'regan Adam Tambellini Ilya Mikheyev 40 1 2 2
2 Jason Dickinson Joakim Nygard Matt Luff 30 1 2 2
3 Radel Fazleev Shane Gersich Justin Auger 20 1 2 2
4 Filip Chytil Emile Poirier Cal Burke 10 1 2 2
5 vs 5 Defense
Defense Defense Time % Phy DF OF
1 Reece Willcox Tucker Poolman 40 1 2 2
2 Ville Pokka Evan Bouchard 30 1 2 2
3 Connor Mackey Lawrence Pilut 20 1 2 2
4 Reece Willcox Tucker Poolman 10 1 2 2
PowerPlay Forward
Center Left Wing Right Wing Time % Phy DF OF
1 Daniel O'regan Adam Tambellini Ilya Mikheyev 60 0 2 3
2 Jason Dickinson Joakim Nygard Matt Luff 40 0 2 3
PowerPlay Defense
Defense Defense Time % Phy DF OF
1 Reece Willcox Tucker Poolman 60 1 2 2
2 Ville Pokka Evan Bouchard 40 1 2 2
Penalty Kill 4 Players Forward
Center Wing Time % Phy DF OF
1 Daniel O'regan Adam Tambellini 60 1 2 2
2 Jason Dickinson Joakim Nygard 40 1 2 2
Penalty Kill 4 Players Defense
Defense Defense Time % Phy DF OF
1 Reece Willcox Tucker Poolman 60 0 3 2
2 Ville Pokka Evan Bouchard 40 0 3 2
Penalty Kill - 3 Players Forward
Forward Time % Phy DF OF
1 Daniel O'regan 60 1 2 2
2 Jason Dickinson 40 1 2 2
Penalty Kill - 3 Players Defense
Defense Defense Time % Phy DF OF
1 Reece Willcox Tucker Poolman 60 1 2 2
2 Ville Pokka Evan Bouchard 40 1 2 2
4 vs 4 Forward
Center Wing Time % Phy DF OF
1 Daniel O'regan Adam Tambellini 60 1 2 2
2 Jason Dickinson Joakim Nygard 40 1 2 2
4 vs 4 Defense
Defense Defense Time % Phy DF OF
1 Reece Willcox Tucker Poolman 60 1 2 2
2 Ville Pokka Evan Bouchard 40 1 2 2
Last Minutes Offensive
Center Left Wing Right Wing Defense Defense
Daniel O'regan Adam Tambellini Ilya Mikheyev Reece Willcox Tucker Poolman
Last Minutes Defensive
Center Left Wing Right Wing Defense Defense
Daniel O'regan Adam Tambellini Ilya Mikheyev Reece Willcox Tucker Poolman
Goaltenders
Starting : Michael Houser
Backup : Danil Tarasov
Extra Forwards
Normal : Jason Dickinson, Shane Gersich, Matt Luff - PP : Jason Dickinson, Shane Gersich - PK : Jason Dickinson
Extra Defensemen
Normal : Evan Bouchard, Connor Mackey, Lawrence Pilut - PP : Evan Bouchard - PK : Evan Bouchard, Connor Mackey
Penalty Shots
Ilya Mikheyev, Adam Tambellini, Daniel O'regan, Joakim Nygard, Jason Dickinson
Custom OT Lines Forwards
Ilya Mikheyev, Adam Tambellini, Daniel O'regan, Joakim Nygard, Jason Dickinson, Shane Gersich, Matt Luff, Emile Poirier, Justin Auger, Radel Fazleev
Custom OT Lines Defensemen
Reece Willcox, Tucker Poolman, Ville Pokka, Evan Bouchard, Connor Mackey
Scratches
Jack McBain (Healthy), Jean-Christophe Beaudin (Healthy), Rudolfs Balcers (Healthy), Yakov Trenin (Healthy), Joey Anderson (Healthy)
Jonathan Dahlen (Healthy), Givani Smith (Healthy), Blade Jenkins (Healthy), Bulat Shafigullin (Healthy)
% Time on Ice - Comets
Lines # - Real PCT - Wanted PCT - Time Play
Normal Forward
1 - 41% - 56% - 20:52
2 - 28% - 30% - 14:03
3 - 20% - 10% - 10:00
4 - 11% - 4% - 5:39
Normal Defense
1 - 48% - 56% - 24:12
2 - 31% - 30% - 15:41
3 - 18% - 10% - 9:17
4 - 3% - 4% - 1:24
PP Forward
1 - 53% - 60% - 2:29
2 - 47% - 40% - 2:10
PP Defense
1 - 51% - 60% - 2:23
2 - 49% - 40% - 2:16
PK Forward
1 - 88% - 60% - 3:57
2 - 12% - 40% - 0:32
PK Defense
1 - 64% - 60% - 2:52
2 - 36% - 40% - 1:37
PK3 Forward
1 - 0% - 60%
2 - 0% - 40%
PK3 Defense
1 - 0% - 60%
2 - 0% - 40%
44 Forward
1 - 0% - 60%
2 - 0% - 40%
44 Defense
1 - 0% - 60%
2 - 0% - 40%
Last Minute Offensive - 0:00
Last Minute Defensive - 0:18
Total
Forward - 60:00
Defense - 60:00
|
% Time on Ice - Little Stars
Lines # - Real PCT - Wanted PCT - Time Play
Normal Forward
1 - 37% - 40% - 18:45
2 - 30% - 30% - 15:01
3 - 21% - 20% - 10:30
4 - 12% - 10% - 6:18
Normal Defense
1 - 41% - 40% - 20:32
2 - 31% - 30% - 15:37
3 - 21% - 20% - 10:30
4 - 8% - 10% - 3:55
PP Forward
1 - 64% - 60% - 2:51
2 - 36% - 40% - 1:38
PP Defense
1 - 58% - 60% - 2:36
2 - 42% - 40% - 1:53
PK Forward
1 - 87% - 60% - 4:02
2 - 13% - 40% - 0:37
PK Defense
1 - 71% - 60% - 3:17
2 - 29% - 40% - 1:22
PK3 Forward
1 - 0% - 60%
2 - 0% - 40%
PK3 Defense
1 - 0% - 60%
2 - 0% - 40%
44 Forward
1 - 0% - 60%
2 - 0% - 40%
44 Defense
1 - 0% - 60%
2 - 0% - 40%
Last Minute Offensive - 0:18
Last Minute Defensive - 0:00
Total
Forward - 60:00
Defense - 60:00
|
Play-by-Play
1st period
0:01 of 1st period - Nicolas Petan wins face-off versus Adam Tambellini in neutral zone.
0:26 of 1st period - Vladislav Gavrikov is hit by Matt Luff and loses puck.
1:17 of 1st period - Cal Burke is hit by Juuso Riikola and loses puck.
1:31 of 1st period - Off-side.
1:32 of 1st period - Nicolas Petan wins face-off versus Daniel O'regan in neutral zone.
2:11 of 1st period - Nicolas Petan is hit by Adam Tambellini and loses puck.
2:30 of 1st period - Tucker Poolman is hit by Adam Ollas-Mattsson and loses puck.
2:44 of 1st period - Snap shot by Curtis Lazar.
2:44 of 1st period - Shot Misses the Net.
2:50 of 1st period - Snap shot by Adam Tambellini.
2:50 of 1st period - Stopped by Thatcher Demko with a rebound.
2:52 of 1st period - Slapshot by Reece Willcox.
2:52 of 1st period - Shot Misses the Net.
2:54 of 1st period - Slapshot by Tucker Poolman.
2:54 of 1st period - Shot Hit the Post.
2:56 of 1st period - Snap shot by Tucker Poolman.
2:56 of 1st period - Shot Misses the Net.
2:58 of 1st period - Snap shot by Ilya Mikheyev.
2:58 of 1st period - Shot Blocked by Adam Ollas-Mattsson.
3:14 of 1st period - Wrist shot by Ilya Mikheyev.
3:14 of 1st period - Shot Misses the Net.
3:56 of 1st period - Wrist shot by Daniel O'regan.
3:56 of 1st period - Shot Blocked by William Lagesson.
4:10 of 1st period - Snap shot by Ilya Mikheyev.
4:10 of 1st period - Shot Misses the Net.
4:12 of 1st period - Snap shot by Daniel O'regan.
4:12 of 1st period - Stopped by Thatcher Demko without a rebound.
4:13 of 1st period - Jean-Sebastien Dea wins face-off versus Jason Dickinson in Comets zone.
5:01 of 1st period - Slapshot by Filip Chytil.
5:01 of 1st period - Stopped by Thatcher Demko without a rebound.
5:02 of 1st period - Cal Burke wins face-off versus Lane Pederson in Comets zone.
5:11 of 1st period - Snap shot by Emile Poirier.
5:11 of 1st period - Shot Misses the Net.
5:28 of 1st period - Off-side.
5:29 of 1st period - Matt Luff wins face-off versus Juho Lammikko in neutral zone.
5:56 of 1st period - Radel Fazleev is hit by Trevor Moore.
6:45 of 1st period - Snap shot by Matt Luff.
6:45 of 1st period - Shot Blocked by Michael Joly.
7:39 of 1st period - Reece Willcox is hit by Phil Di Giuseppe and loses puck.
8:02 of 1st period - Slapshot by Mackenzie MacEachern.
8:02 of 1st period - Deflect By Reece Willcox.
8:02 of 1st period - Goal by Mackenzie MacEachern - Comets : 1 - Little Stars : 0.
8:03 of 1st period - Jason Dickinson wins face-off versus Ryan Lomberg in neutral zone.
8:41 of 1st period - Snap shot by Daniel O'regan.
8:41 of 1st period - Shot Misses the Net.
8:55 of 1st period - Backhand shot by Jean-Sebastien Dea.
8:55 of 1st period - Shot Misses the Net.
9:01 of 1st period - Slapshot by Phil Di Giuseppe.
9:01 of 1st period - Shot Blocked by Tucker Poolman.
9:03 of 1st period - Slapshot by Vladislav Gavrikov.
9:03 of 1st period - Shot Misses the Net.
9:09 of 1st period - Minor Penalty to Tucker Poolman for High sticking.
9:10 of 1st period - Nicolas Petan wins face-off versus Daniel O'regan in Little Stars zone.
9:39 of 1st period - Reece Willcox is hit by Scott Harrington and loses puck.
9:50 of 1st period - Wrist shot by Juho Lammikko.
9:50 of 1st period - Goal by Juho Lammikko - Comets : 2 - Little Stars : 0.
9:51 of 1st period - Jason Dickinson wins face-off versus Curtis Lazar in neutral zone.
9:56 of 1st period - Snap shot by Nicolas Petan.
9:56 of 1st period - Stopped by Michael Houser without a rebound.
9:57 of 1st period - Jason Dickinson wins face-off versus Nicolas Petan in Little Stars zone.
10:28 of 1st period - Reece Willcox is hit by Scott Harrington and loses puck.
11:34 of 1st period - Wrist shot by Jean-Sebastien Dea.
11:34 of 1st period - Shot Misses the Net.
12:16 of 1st period - Slapshot by Shane Gersich.
12:16 of 1st period - Stopped by Thatcher Demko with a rebound.
12:18 of 1st period - Slapshot by Connor Mackey.
12:18 of 1st period - Shot Blocked by Tyler Graovac.
12:53 of 1st period - Evan Bouchard is hit by Scott Harrington and loses puck.
13:28 of 1st period - Snap shot by Shane Gersich.
13:28 of 1st period - Deflect By Radel Fazleev.
13:28 of 1st period - Shot Blocked by Juuso Riikola.
13:28 of 1st period - Puck is out of play.
13:29 of 1st period - Nicolas Petan wins face-off versus Radel Fazleev in Comets zone.
13:34 of 1st period - Wrist shot by Curtis Lazar.
13:34 of 1st period - Stopped by Michael Houser with a rebound.
13:36 of 1st period - Snap shot by Curtis Lazar.
13:36 of 1st period - Shot Misses the Net.
13:38 of 1st period - Wrist shot by Nicolas Petan.
13:38 of 1st period - Stopped by Michael Houser with a rebound.
13:40 of 1st period - Slapshot by Vladislav Gavrikov.
13:40 of 1st period - Stopped by Michael Houser with a rebound.
13:42 of 1st period - Snap shot by Nicolas Petan.
13:42 of 1st period - Goal by Nicolas Petan - Comets : 3 - Little Stars : 0.
13:43 of 1st period - Nicolas Petan wins face-off versus Daniel O'regan in neutral zone.
13:48 of 1st period - Snap shot by Nicolas Petan.
13:48 of 1st period - Shot Blocked by Reece Willcox.
13:54 of 1st period - Slapshot by Nicolas Petan.
13:54 of 1st period - Shot Misses the Net.
14:16 of 1st period - Minor Penalty to Matt Luff for Hooking.
14:17 of 1st period - Nicolas Petan wins face-off versus Daniel O'regan in Little Stars zone.
14:41 of 1st period - Tucker Poolman is hit by Scott Harrington and loses puck.
14:56 of 1st period - Evan Bouchard is hit by Vladislav Gavrikov and loses puck.
15:05 of 1st period - Snap shot by Curtis Lazar.
15:05 of 1st period - Stopped by Michael Houser with a rebound.
15:07 of 1st period - Wrist shot by Nicolas Petan.
15:07 of 1st period - Stopped by Michael Houser without a rebound.
15:08 of 1st period - Jean-Sebastien Dea wins face-off versus Daniel O'regan in Little Stars zone.
15:09 of 1st period - Snap shot by Juho Lammikko.
15:09 of 1st period - Shot Blocked by Adam Tambellini.
15:11 of 1st period - Wrist shot by Jean-Sebastien Dea.
15:11 of 1st period - Shot Blocked by Tucker Poolman.
15:13 of 1st period - Slapshot by Juuso Riikola.
15:13 of 1st period - Shot Blocked by Reece Willcox.
15:15 of 1st period - Slapshot by Dan Renouf.
15:15 of 1st period - Shot Misses the Net.
15:17 of 1st period - Slapshot by Juuso Riikola.
15:17 of 1st period - Shot Blocked by Tucker Poolman.
15:19 of 1st period - Snap shot by Juuso Riikola.
15:19 of 1st period - Deflect By Phil Di Giuseppe.
15:19 of 1st period - Stopped by Michael Houser without a rebound.
15:20 of 1st period - Jean-Sebastien Dea wins face-off versus Adam Tambellini in Little Stars zone.
15:25 of 1st period - Wrist shot by Phil Di Giuseppe.
15:25 of 1st period - Stopped by Michael Houser without a rebound.
15:26 of 1st period - Daniel O'regan wins face-off versus Jean-Sebastien Dea in Little Stars zone.
16:07 of 1st period - Wrist shot by Phil Di Giuseppe.
16:07 of 1st period - Stopped by Michael Houser without a rebound.
16:08 of 1st period - Nicolas Petan wins face-off versus Daniel O'regan in Little Stars zone.
16:16 of 1st period - Penalty to Matt Luff is over, Matt Luff is back on ice.
17:06 of 1st period - Mackenzie MacEachern is hit by Matt Luff.
17:22 of 1st period - Cal Burke is hit by Ryan Lomberg and loses puck.
17:44 of 1st period - Jean-Sebastien Dea is hit by Tucker Poolman and loses puck.
18:35 of 1st period - Slapshot by Shane Gersich.
18:35 of 1st period - Shot Blocked by Mackenzie MacEachern.
18:37 of 1st period - Snap shot by Evan Bouchard.
18:37 of 1st period - Shot Misses the Net.
18:39 of 1st period - Snap shot by Matt Luff.
18:39 of 1st period - Stopped by Thatcher Demko without a rebound.
18:40 of 1st period - Jason Dickinson wins face-off versus Nicolas Petan in Comets zone.
18:53 of 1st period - Wrist shot by Ryan Lomberg.
18:53 of 1st period - Shot Misses the Net.
19:12 of 1st period - Slapshot by Phil Di Giuseppe.
19:12 of 1st period - Stopped by Michael Houser with a rebound.
19:14 of 1st period - Slapshot by Vladislav Gavrikov.
19:14 of 1st period - Stopped by Michael Houser with a rebound.
19:48 of 1st period - Backhand shot by Filip Chytil.
19:48 of 1st period - Shot Blocked by Vladislav Gavrikov.
19:50 of 1st period - Wrist shot by Filip Chytil.
19:50 of 1st period - Shot Misses the Net.
19:52 of 1st period - Wrist shot by Emile Poirier.
19:52 of 1st period - Shot Misses the Net.
19:54 of 1st period - Snap shot by Connor Mackey.
19:54 of 1st period - Shot Blocked by Vladislav Gavrikov.
19:56 of 1st period - Wrist shot by Cal Burke.
19:56 of 1st period - Shot Blocked by Vladislav Gavrikov.
Goals for this period are 3 for Comets vs 0 for Little Stars.
Shots for this period are 14 for Comets vs 5 for Little Stars.
2nd period
0:01 of 2nd period - Nicolas Petan wins face-off versus Daniel O'regan in neutral zone.
0:38 of 2nd period - Off-side.
0:39 of 2nd period - Nicolas Petan wins face-off versus Daniel O'regan in neutral zone.
0:58 of 2nd period - Minor Penalty to Adam Tambellini for Roughing.
0:59 of 2nd period - Daniel O'regan wins face-off versus Nicolas Petan in Little Stars zone.
1:08 of 2nd period - Daniel O'regan is hit by Scott Harrington and loses puck.
2:58 of 2nd period - Penalty to Adam Tambellini is over, Adam Tambellini is back on ice.
3:16 of 2nd period - Ilya Mikheyev is hit by Tyler Graovac and loses puck.
3:31 of 2nd period - Snap shot by Mackenzie MacEachern.
3:31 of 2nd period - Shot Misses the Net.
3:33 of 2nd period - Slapshot by Lane Pederson.
3:33 of 2nd period - Shot Misses the Net.
3:35 of 2nd period - Backhand shot by William Lagesson.
3:35 of 2nd period - Stopped by Michael Houser without a rebound.
3:36 of 2nd period - Tyler Graovac wins face-off versus Jason Dickinson in Little Stars zone.
3:37 of 2nd period - Wrist shot by Michael Joly.
3:37 of 2nd period - Stopped by Michael Houser with a rebound.
3:39 of 2nd period - Slapshot by Scott Harrington.
3:39 of 2nd period - Stopped by Michael Houser without a rebound.
3:40 of 2nd period - Jason Dickinson wins face-off versus Tyler Graovac in Little Stars zone.
4:07 of 2nd period - Wrist shot by Phil Di Giuseppe.
4:07 of 2nd period - Shot Blocked by Jason Dickinson.
4:32 of 2nd period - Wrist shot by Daniel O'regan.
4:32 of 2nd period - Shot Misses the Net.
4:34 of 2nd period - Snap shot by Adam Tambellini.
4:34 of 2nd period - Stopped by Thatcher Demko with a rebound.
4:36 of 2nd period - Slapshot by Evan Bouchard.
4:36 of 2nd period - Stopped by Thatcher Demko with a rebound.
4:38 of 2nd period - Wrist shot by Adam Tambellini.
4:38 of 2nd period - Shot Misses the Net.
4:40 of 2nd period - Slapshot by Evan Bouchard.
4:40 of 2nd period - Shot Misses the Net.
4:42 of 2nd period - Slapshot by Ville Pokka.
4:42 of 2nd period - Deflect By Daniel O'regan.
4:42 of 2nd period - Little Stars goal is going for a video replay.
4:42 of 2nd period - The goal is good.
4:42 of 2nd period - Goal by Daniel O'regan - Comets : 3 - Little Stars : 1.
4:43 of 2nd period - Daniel O'regan wins face-off versus Nicolas Petan in neutral zone.
4:46 of 2nd period - Vladislav Gavrikov is hit by Ilya Mikheyev and loses puck.
5:22 of 2nd period - Minor Penalty to Phil Di Giuseppe for Hooking.
5:23 of 2nd period - Daniel O'regan wins face-off versus Ryan Lomberg in Comets zone.
5:33 of 2nd period - Wrist shot by Ilya Mikheyev.
5:33 of 2nd period - Shot Misses the Net.
5:35 of 2nd period - Slapshot by Daniel O'regan.
5:35 of 2nd period - Goal by Daniel O'regan - Comets : 3 - Little Stars : 2.
5:36 of 2nd period - Nicolas Petan wins face-off versus Daniel O'regan in neutral zone.
5:47 of 2nd period - Snap shot by Nicolas Petan.
5:47 of 2nd period - Shot Misses the Net.
5:49 of 2nd period - Snap shot by Ryan Lomberg.
5:49 of 2nd period - Stopped by Michael Houser with a rebound.
5:51 of 2nd period - Wrist shot by Curtis Lazar.
5:51 of 2nd period - Shot Blocked by Ilya Mikheyev.
6:01 of 2nd period - Jean-Sebastien Dea is hit by Joakim Nygard and loses puck.
6:14 of 2nd period - Snap shot by Jason Dickinson.
6:14 of 2nd period - Deflect By Joakim Nygard.
6:14 of 2nd period - Shot Misses the Net.
6:14 of 2nd period - Puck is out of play.
6:15 of 2nd period - Nicolas Petan wins face-off versus Daniel O'regan in Comets zone.
6:29 of 2nd period - Wrist shot by Nicolas Petan.
6:29 of 2nd period - Goal by Nicolas Petan - Comets : 4 - Little Stars : 2.
6:29 of 2nd period - Danil Tarasov enters game.
6:30 of 2nd period - Daniel O'regan wins face-off versus Nicolas Petan in neutral zone.
6:37 of 2nd period - Wrist shot by Daniel O'regan.
6:37 of 2nd period - Deflect By Ilya Mikheyev.
6:37 of 2nd period - Shot Misses the Net.
6:37 of 2nd period - Puck is out of play.
6:38 of 2nd period - Nicolas Petan wins face-off versus Daniel O'regan in Comets zone.
6:47 of 2nd period - Slapshot by Adam Tambellini.
6:47 of 2nd period - Shot Misses the Net.
6:49 of 2nd period - Wrist shot by Adam Tambellini.
6:49 of 2nd period - Stopped by Thatcher Demko with a rebound.
6:51 of 2nd period - Snap shot by Daniel O'regan.
6:51 of 2nd period - Deflect By Adam Tambellini.
6:51 of 2nd period - Deflect By Nicolas Petan.
6:51 of 2nd period - Shot Blocked by Vladislav Gavrikov.
6:51 of 2nd period - Puck is out of play.
6:52 of 2nd period - Nicolas Petan wins face-off versus Jason Dickinson in Comets zone.
7:18 of 2nd period - Juho Lammikko is hit by Ilya Mikheyev and loses puck.
8:07 of 2nd period - Snap shot by Curtis Lazar.
8:07 of 2nd period - Shot Misses the Net.
8:09 of 2nd period - Wrist shot by Nicolas Petan.
8:09 of 2nd period - Shot Blocked by Emile Poirier.
8:11 of 2nd period - Wrist shot by Curtis Lazar.
8:11 of 2nd period - Deflect By Ryan Lomberg.
8:11 of 2nd period - Stopped by Danil Tarasov with a rebound.
8:45 of 2nd period - Snap shot by Daniel O'regan.
8:45 of 2nd period - Stopped by Thatcher Demko with a rebound.
8:47 of 2nd period - Snap shot by Lawrence Pilut.
8:47 of 2nd period - Shot Blocked by Juho Lammikko.
8:49 of 2nd period - Snap shot by Adam Tambellini.
8:49 of 2nd period - Stopped by Thatcher Demko without a rebound.
8:50 of 2nd period - Nicolas Petan wins face-off versus Daniel O'regan in Comets zone.
9:58 of 2nd period - Snap shot by Emile Poirier.
9:58 of 2nd period - Stopped by Thatcher Demko without a rebound.
9:59 of 2nd period - Jean-Sebastien Dea wins face-off versus Filip Chytil in Comets zone.
10:06 of 2nd period - Slapshot by Tucker Poolman.
10:06 of 2nd period - Stopped by Thatcher Demko with a rebound.
10:08 of 2nd period - Snap shot by Emile Poirier.
10:08 of 2nd period - Deflect By Jean-Sebastien Dea.
10:08 of 2nd period - Shot Blocked by Juho Lammikko.
10:08 of 2nd period - Puck is out of play.
10:09 of 2nd period - Nicolas Petan wins face-off versus Daniel O'regan in Comets zone.
10:26 of 2nd period - Wrist shot by Ilya Mikheyev.
10:26 of 2nd period - Shot Misses the Net.
10:36 of 2nd period - Wrist shot by Shane Gersich.
10:36 of 2nd period - Stopped by Thatcher Demko with a rebound.
10:38 of 2nd period - Slapshot by Ville Pokka.
10:38 of 2nd period - Shot Misses the Net.
10:46 of 2nd period - Snap shot by Shane Gersich.
10:46 of 2nd period - Stopped by Thatcher Demko without a rebound.
10:47 of 2nd period - Jean-Sebastien Dea wins face-off versus Jason Dickinson in Comets zone.
10:47 of 2nd period - Jean-Sebastien Dea is hit by Matt Luff.
11:13 of 2nd period - Scott Harrington is hit by Ilya Mikheyev and loses puck.
11:18 of 2nd period - Snap shot by Adam Tambellini.
11:18 of 2nd period - Shot Blocked by Vladislav Gavrikov.
11:20 of 2nd period - Backhand shot by Daniel O'regan.
11:20 of 2nd period - Stopped by Thatcher Demko without a rebound.
11:21 of 2nd period - Daniel O'regan wins face-off versus Nicolas Petan in Comets zone.
11:50 of 2nd period - Slapshot by Matt Luff.
11:50 of 2nd period - Stopped by Thatcher Demko without a rebound.
11:51 of 2nd period - Jason Dickinson wins face-off versus Nicolas Petan in Comets zone.
12:00 of 2nd period - Snap shot by Jason Dickinson.
12:00 of 2nd period - Stopped by Thatcher Demko without a rebound.
12:01 of 2nd period - Ryan Lomberg wins face-off versus Daniel O'regan in Comets zone.
12:01 of 2nd period - Ryan Lomberg is hit by Reece Willcox.
12:15 of 2nd period - Slapshot by Nicolas Petan.
12:15 of 2nd period - Shot Misses the Net.
12:55 of 2nd period - Snap shot by Nicolas Petan.
12:55 of 2nd period - Stopped by Danil Tarasov with a rebound.
12:57 of 2nd period - Slapshot by Scott Harrington.
12:57 of 2nd period - Deflect By Curtis Lazar.
12:57 of 2nd period - Goal by Curtis Lazar - Comets : 5 - Little Stars : 2.
12:58 of 2nd period - Jason Dickinson wins face-off versus Jean-Sebastien Dea in neutral zone.
13:01 of 2nd period - Snap shot by Jason Dickinson.
13:01 of 2nd period - Deflect By Phil Di Giuseppe.
13:01 of 2nd period - Shot Blocked by Dan Renouf.
13:01 of 2nd period - Puck is out of play.
13:02 of 2nd period - Jean-Sebastien Dea wins face-off versus Jason Dickinson in Comets zone.
13:27 of 2nd period - Curtis Lazar is hit by Ilya Mikheyev and loses puck.
13:44 of 2nd period - Wrist shot by Mackenzie MacEachern.
13:44 of 2nd period - Stopped by Danil Tarasov with a rebound.
14:20 of 2nd period - Emile Poirier is hit by Trevor Moore and loses puck.
14:35 of 2nd period - Ryan Lomberg is hit by Jason Dickinson and loses puck.
14:40 of 2nd period - Slapshot by Joakim Nygard.
14:40 of 2nd period - Stopped by Thatcher Demko with a rebound.
14:46 of 2nd period - Matt Luff is hit by Curtis Lazar and loses puck.
15:02 of 2nd period - Wrist shot by Joakim Nygard.
15:02 of 2nd period - Shot Misses the Net.
15:07 of 2nd period - Minor Penalty to Ryan Lomberg for Slashing.
15:08 of 2nd period - Nicolas Petan wins face-off versus Daniel O'regan in Comets zone.
15:20 of 2nd period - Wrist shot by Daniel O'regan.
15:20 of 2nd period - Shot Misses the Net.
16:11 of 2nd period - Icing by Adam Tambellini.
16:12 of 2nd period - Daniel O'regan wins face-off versus Nicolas Petan in Little Stars zone.
17:01 of 2nd period - Ilya Mikheyev is hit by Nicolas Petan and loses puck.
17:07 of 2nd period - Penalty to Ryan Lomberg is over, Ryan Lomberg is back on ice.
17:16 of 2nd period - Wrist shot by Michael Joly.
17:16 of 2nd period - Stopped by Danil Tarasov without a rebound.
17:17 of 2nd period - Radel Fazleev wins face-off versus Tyler Graovac in Little Stars zone.
17:26 of 2nd period - Wrist shot by Shane Gersich.
17:26 of 2nd period - Stopped by Thatcher Demko with a rebound.
17:28 of 2nd period - Snap shot by Justin Auger.
17:28 of 2nd period - Shot Misses the Net.
17:30 of 2nd period - Wrist shot by Shane Gersich.
17:30 of 2nd period - Stopped by Thatcher Demko without a rebound.
17:31 of 2nd period - Jean-Sebastien Dea wins face-off versus Jason Dickinson in Comets zone.
17:57 of 2nd period - Adam Tambellini is hit by Curtis Lazar and loses puck.
18:02 of 2nd period - Slapshot by Curtis Lazar.
18:02 of 2nd period - Shot Blocked by Ilya Mikheyev.
18:04 of 2nd period - Slapshot by Curtis Lazar.
18:04 of 2nd period - Deflect By Ilya Mikheyev.
18:04 of 2nd period - Shot Hit the Post.
18:04 of 2nd period - Puck is out of play.
18:05 of 2nd period - Nicolas Petan wins face-off versus Adam Tambellini in Little Stars zone.
18:23 of 2nd period - Off-side.
18:24 of 2nd period - Jason Dickinson wins face-off versus Jean-Sebastien Dea in neutral zone.
18:27 of 2nd period - Phil Di Giuseppe is hit by Jason Dickinson and loses puck.
18:50 of 2nd period - Daniel O'regan is hit by Scott Harrington and loses puck.
19:17 of 2nd period - Wrist shot by Tucker Poolman.
19:17 of 2nd period - Deflect By Juuso Riikola.
19:17 of 2nd period - Stopped by Thatcher Demko without a rebound.
19:18 of 2nd period - Jason Dickinson wins face-off versus Lane Pederson in Comets zone.
Goals for this period are 2 for Comets vs 2 for Little Stars.
Shots for this period are 10 for Comets vs 18 for Little Stars.
3rd period
0:01 of 3rd period - Nicolas Petan wins face-off versus Daniel O'regan in neutral zone.
0:45 of 3rd period - Snap shot by Mackenzie MacEachern.
0:45 of 3rd period - Shot Blocked by Reece Willcox.
0:47 of 3rd period - Backhand shot by Juuso Riikola.
0:47 of 3rd period - Stopped by Danil Tarasov with a rebound.
0:49 of 3rd period - Snap shot by Lane Pederson.
0:49 of 3rd period - Shot Misses the Net.
0:51 of 3rd period - Slapshot by William Lagesson.
0:51 of 3rd period - Stopped by Danil Tarasov with a rebound.
0:53 of 3rd period - Snap shot by Lane Pederson.
0:53 of 3rd period - Shot Blocked by Tucker Poolman.
0:55 of 3rd period - Snap shot by William Lockwood.
0:55 of 3rd period - Shot Blocked by Tucker Poolman.
2:22 of 3rd period - Wrist shot by Radel Fazleev.
2:22 of 3rd period - Shot Misses the Net.
3:21 of 3rd period - Snap shot by Joakim Nygard.
3:21 of 3rd period - Shot Misses the Net.
3:35 of 3rd period - Slapshot by Filip Chytil.
3:35 of 3rd period - Stopped by Thatcher Demko with a rebound.
3:37 of 3rd period - Slapshot by Emile Poirier.
3:37 of 3rd period - Shot Misses the Net.
3:39 of 3rd period - Slapshot by Evan Bouchard.
3:39 of 3rd period - Deflect By Ryan Lomberg.
3:39 of 3rd period - Stopped by Thatcher Demko without a rebound.
3:40 of 3rd period - Nicolas Petan wins face-off versus Daniel O'regan in Comets zone.
3:53 of 3rd period - Snap shot by Daniel O'regan.
3:53 of 3rd period - Shot Misses the Net.
3:55 of 3rd period - Wrist shot by Daniel O'regan.
3:55 of 3rd period - Stopped by Thatcher Demko without a rebound.
3:56 of 3rd period - Jean-Sebastien Dea wins face-off versus Jason Dickinson in Comets zone.
4:21 of 3rd period - Nicolas Petan is hit by Daniel O'regan and loses puck.
4:47 of 3rd period - Tyler Graovac is hit by Justin Auger.
4:55 of 3rd period - Snap shot by Michael Joly.
4:55 of 3rd period - Stopped by Danil Tarasov without a rebound.
4:56 of 3rd period - Jean-Sebastien Dea wins face-off versus Jason Dickinson in Little Stars zone.
5:23 of 3rd period - Evan Bouchard is hit by Vladislav Gavrikov and loses puck.
5:32 of 3rd period - Snap shot by Ryan Lomberg.
5:32 of 3rd period - Shot Blocked by Evan Bouchard.
5:34 of 3rd period - Slapshot by Vladislav Gavrikov.
5:34 of 3rd period - Shot Misses the Net.
5:36 of 3rd period - Slapshot by Vladislav Gavrikov.
5:36 of 3rd period - Deflect By Ryan Lomberg.
5:36 of 3rd period - Stopped by Danil Tarasov without a rebound.
5:37 of 3rd period - Daniel O'regan wins face-off versus Ryan Lomberg in Little Stars zone.
5:46 of 3rd period - Snap shot by Adam Tambellini.
5:46 of 3rd period - Shot Blocked by Juuso Riikola.
5:48 of 3rd period - Slapshot by Tucker Poolman.
5:48 of 3rd period - Stopped by Thatcher Demko without a rebound.
5:49 of 3rd period - Ilya Mikheyev wins face-off versus Nicolas Petan in Comets zone.
5:53 of 3rd period - Icing by Scott Harrington.
5:54 of 3rd period - Daniel O'regan wins face-off versus Ryan Lomberg in Comets zone.
5:55 of 3rd period - Wrist shot by Ilya Mikheyev.
5:55 of 3rd period - Shot Misses the Net.
5:57 of 3rd period - Slapshot by Reece Willcox.
5:57 of 3rd period - Shot Misses the Net.
6:17 of 3rd period - Minor Penalty to Juho Lammikko for Hooking.
6:18 of 3rd period - Daniel O'regan wins face-off versus Nicolas Petan in Comets zone.
6:33 of 3rd period - Slapshot by Daniel O'regan.
6:33 of 3rd period - Shot Misses the Net.
6:35 of 3rd period - Snap shot by Daniel O'regan.
6:35 of 3rd period - Goal by Daniel O'regan - Comets : 5 - Little Stars : 3.
6:36 of 3rd period - Daniel O'regan wins face-off versus Nicolas Petan in neutral zone.
6:47 of 3rd period - Wrist shot by Nicolas Petan.
6:47 of 3rd period - Stopped by Danil Tarasov without a rebound.
6:48 of 3rd period - Daniel O'regan wins face-off versus Nicolas Petan in Little Stars zone.
6:48 of 3rd period - Daniel O'regan is hit by Scott Harrington.
7:18 of 3rd period - Wrist shot by Radel Fazleev.
7:18 of 3rd period - Deflect By Jean-Sebastien Dea.
7:18 of 3rd period - Stopped by Thatcher Demko without a rebound.
7:19 of 3rd period - Phil Di Giuseppe wins face-off versus Radel Fazleev in Comets zone.
8:31 of 3rd period - Emile Poirier is hit by William Lockwood.
9:23 of 3rd period - Snap shot by Cal Burke.
9:23 of 3rd period - Stopped by Thatcher Demko without a rebound.
9:24 of 3rd period - Jean-Sebastien Dea wins face-off versus Daniel O'regan in Comets zone.
9:53 of 3rd period - Slapshot by Ryan Lomberg.
9:53 of 3rd period - Deflect By Nicolas Petan.
9:53 of 3rd period - Stopped by Danil Tarasov with a rebound.
10:11 of 3rd period - Shane Gersich is hit by Michael Joly and loses puck.
10:39 of 3rd period - Wrist shot by Ilya Mikheyev.
10:39 of 3rd period - Stopped by Thatcher Demko without a rebound.
10:40 of 3rd period - Nicolas Petan wins face-off versus Matt Luff in Comets zone.
11:05 of 3rd period - Snap shot by Shane Gersich.
11:05 of 3rd period - Shot Misses the Net.
11:07 of 3rd period - Slapshot by Tucker Poolman.
11:07 of 3rd period - Shot Blocked by Vladislav Gavrikov.
11:09 of 3rd period - Snap shot by Justin Auger.
11:09 of 3rd period - Shot Blocked by Scott Harrington.
11:11 of 3rd period - Slapshot by Justin Auger.
11:11 of 3rd period - Stopped by Thatcher Demko without a rebound.
11:12 of 3rd period - Justin Auger wins face-off versus Jean-Sebastien Dea in Comets zone.
11:13 of 3rd period - Slapshot by Radel Fazleev.
11:13 of 3rd period - Shot Blocked by William Lagesson.
11:27 of 3rd period - Snap shot by Phil Di Giuseppe.
11:27 of 3rd period - Stopped by Danil Tarasov without a rebound.
11:28 of 3rd period - Nicolas Petan wins face-off versus Daniel O'regan in Little Stars zone.
11:53 of 3rd period - Juho Lammikko is hit by Jason Dickinson and loses puck.
12:02 of 3rd period - Wrist shot by Juho Lammikko.
12:02 of 3rd period - Stopped by Danil Tarasov with a rebound.
12:22 of 3rd period - Wrist shot by Trevor Moore.
12:22 of 3rd period - Stopped by Danil Tarasov without a rebound.
12:23 of 3rd period - Daniel O'regan wins face-off versus Nicolas Petan in Little Stars zone.
12:28 of 3rd period - Wrist shot by Adam Tambellini.
12:28 of 3rd period - Stopped by Thatcher Demko with a rebound.
12:30 of 3rd period - Snap shot by Daniel O'regan.
12:30 of 3rd period - Deflect By Ilya Mikheyev.
12:30 of 3rd period - Goal by Ilya Mikheyev - Comets : 5 - Little Stars : 4.
12:31 of 3rd period - Nicolas Petan wins face-off versus Daniel O'regan in neutral zone.
12:52 of 3rd period - Tucker Poolman is hit by Juho Lammikko and loses puck.
13:10 of 3rd period - Icing by Tucker Poolman.
13:11 of 3rd period - Jason Dickinson wins face-off versus Trevor Moore in Little Stars zone.
13:11 of 3rd period - Jason Dickinson is hit by Juuso Riikola.
13:14 of 3rd period - Matt Luff is hit by Tyler Graovac and loses puck.
13:44 of 3rd period - Wrist shot by Radel Fazleev.
13:44 of 3rd period - Deflect By Justin Auger.
13:44 of 3rd period - Shot Blocked by Dan Renouf.
13:44 of 3rd period - Puck is out of play.
13:45 of 3rd period - Nicolas Petan wins face-off versus Daniel O'regan in Comets zone.
14:10 of 3rd period - Daniel O'regan is hit by Trevor Moore and loses puck.
14:19 of 3rd period - Snap shot by Michael Joly.
14:19 of 3rd period - Stopped by Danil Tarasov with a rebound.
14:27 of 3rd period - Snap shot by Daniel O'regan.
14:27 of 3rd period - Stopped by Thatcher Demko without a rebound.
14:28 of 3rd period - Jason Dickinson wins face-off versus Curtis Lazar in Comets zone.
15:10 of 3rd period - Minor Penalty to Juho Lammikko for High sticking.
15:11 of 3rd period - Nicolas Petan wins face-off versus Daniel O'regan in Comets zone.
17:05 of 3rd period - Lane Pederson is hit by Shane Gersich and loses puck.
17:10 of 3rd period - Penalty to Juho Lammikko is over, Juho Lammikko is back on ice.
17:58 of 3rd period - Icing by Adam Ollas-Mattsson.
17:59 of 3rd period - Justin Auger wins face-off versus Tyler Graovac in Comets zone.
18:20 of 3rd period - Snap shot by Tyler Graovac.
18:20 of 3rd period - Shot Misses the Net.
18:46 of 3rd period - Backhand shot by Tyler Graovac.
18:46 of 3rd period - Deflect By Trevor Moore.
18:46 of 3rd period - Stopped by Danil Tarasov with a rebound.
18:48 of 3rd period - Snap shot by Trevor Moore.
18:48 of 3rd period - Shot Blocked by Reece Willcox.
18:50 of 3rd period - Slapshot by Vladislav Gavrikov.
18:50 of 3rd period - Deflect By Tucker Poolman.
18:50 of 3rd period - Stopped by Danil Tarasov with a rebound.
18:52 of 3rd period - Slapshot by Scott Harrington.
18:52 of 3rd period - Deflect By Filip Chytil.
18:52 of 3rd period - Stopped by Danil Tarasov without a rebound.
18:53 of 3rd period - Mike Yeo call a timeout for Little Stars.
18:53 of 3rd period - Daniel O'regan wins face-off versus Nicolas Petan in Little Stars zone.
18:58 of 3rd period - Little Stars, Danil Tarasov is pulled from the net.
19:02 of 3rd period - Wrist shot by Ilya Mikheyev.
19:02 of 3rd period - Shot Blocked by Vladislav Gavrikov.
19:06 of 3rd period - Snap shot by Ilya Mikheyev.
19:06 of 3rd period - Stopped by Thatcher Demko with a rebound.
19:08 of 3rd period - Snap shot by Reece Willcox.
19:08 of 3rd period - Stopped by Thatcher Demko with a rebound.
19:10 of 3rd period - Snap shot by Daniel O'regan.
19:10 of 3rd period - Goal by Daniel O'regan - Comets : 5 - Little Stars : 5.
19:10 of 3rd period - Danil Tarasov from Little Stars was sent back in the game.
19:11 of 3rd period - Jean-Sebastien Dea wins face-off versus Radel Fazleev in neutral zone.
19:16 of 3rd period - Wrist shot by Jean-Sebastien Dea.
19:16 of 3rd period - Shot Misses the Net.
19:19 of 3rd period - Icing by Tucker Poolman.
19:20 of 3rd period - Radel Fazleev wins face-off versus Phil Di Giuseppe in Little Stars zone.
19:33 of 3rd period - Wrist shot by Radel Fazleev.
19:33 of 3rd period - Stopped by Thatcher Demko without a rebound.
19:34 of 3rd period - Phil Di Giuseppe wins face-off versus Radel Fazleev in Comets zone.
Goals for this period are 0 for Comets vs 3 for Little Stars.
Shots for this period are 13 for Comets vs 16 for Little Stars.
Overtime #1
0:01 of 1st overtime period - Ilya Mikheyev wins face-off versus Curtis Lazar in neutral zone.
0:12 of 1st overtime period - Backhand shot by Adam Tambellini.
0:12 of 1st overtime period - Stopped by Thatcher Demko without a rebound.
0:13 of 1st overtime period - Ilya Mikheyev wins face-off versus Curtis Lazar in Comets zone.
0:22 of 1st overtime period - Snap shot by Adam Tambellini.
0:22 of 1st overtime period - Shot Misses the Net.
0:38 of 1st overtime period - Scott Harrington is hit by Daniel O'regan and loses puck.
0:45 of 1st overtime period - Snap shot by Daniel O'regan.
0:45 of 1st overtime period - Stopped by Thatcher Demko with a rebound.
1:37 of 1st overtime period - Slapshot by Reece Willcox.
1:37 of 1st overtime period - Stopped by Thatcher Demko with a rebound.
1:51 of 1st overtime period - Snap shot by Adam Tambellini.
1:51 of 1st overtime period - Stopped by Thatcher Demko with a rebound.
2:43 of 1st overtime period - Wrist shot by Nicolas Petan.
2:43 of 1st overtime period - Shot Misses the Net.
3:05 of 1st overtime period - Slapshot by Ville Pokka.
3:05 of 1st overtime period - Shot Misses the Net.
Goals for this period are 0 for Comets vs 0 for Little Stars.
Shots for this period are 0 for Comets vs 4 for Little Stars.
ShootOut
5:00 of 1st overtime period - Round #1.
5:00 of 1st overtime period - Comets, Curtis Lazar.
5:00 of 1st overtime period - Deke by Curtis Lazar.
5:00 of 1st overtime period - Goal by Curtis Lazar.
5:00 of 1st overtime period - Little Stars, Ilya Mikheyev.
5:00 of 1st overtime period - Deke by Ilya Mikheyev.
5:00 of 1st overtime period - Stopped by Thatcher Demko.
5:00 of 1st overtime period - Round #2.
5:00 of 1st overtime period - Comets, Ryan Lomberg.
5:00 of 1st overtime period - Backhand shot by Ryan Lomberg.
5:00 of 1st overtime period - Shot Misses the Net.
5:00 of 1st overtime period - Little Stars, Adam Tambellini.
5:00 of 1st overtime period - Snap shot by Adam Tambellini.
5:00 of 1st overtime period - Shot Misses the Net.
5:00 of 1st overtime period - Round #3.
5:00 of 1st overtime period - Comets, Nicolas Petan.
5:00 of 1st overtime period - Snap shot by Nicolas Petan.
5:00 of 1st overtime period - Stopped by Danil Tarasov.
5:00 of 1st overtime period - Little Stars, Daniel O'regan.
5:00 of 1st overtime period - Deke by Daniel O'regan.
5:00 of 1st overtime period - Stopped by Thatcher Demko.